 Dungeon Crawl Stone Soup version 0.26.1-2-gb8aa6d0cf2 (webtiles) character file.

Game seed: 15736334978495235668

134 sizableburger the Cudgeller (level 5, -9/42 HPs)
             Began as a Human Monk on Mar 20, 2021.
             Mangled by a gnoll
             ... wielding a +0 halberd
              (14 damage)
             ... on level 2 of the Dungeon.
             The game lasted 00:05:01 (1613 turns).

sizableburger the Cudgeller (Human Monk)            Turns: 1613, Time: 00:05:02

Health: -9/42      AC:  6    Str: 13    XL:     5   Next: 40%
Magic:  5/5        EV: 10    Int: 10    God:
Gold:   97         SH:  0    Dex: 15    Spells: 4/4 levels left

rFire    . . .     SeeInvis .   a - +0 mace
rCold    + . .     Faith    .   (no shield)
rNeg     . . .     Spirit   .   f - +0 scale mail
rPois    .         Reflect  .   (no helmet)
rElec    .         Harm     .   (no cloak)
rCorr    .         Rampage  .   (no gloves)
Will     .....                  (no boots)
Stlth    +.........             (no amulet)
HPRegen  0.14/turn              e - ring of protection from cold
MPRegen  0.09/turn              (no ring)

@: no status effects
A: no striking features
a: no special abilities


You were on level 2 of the Dungeon.
You visited 1 branch of the dungeon, and saw 2 of its levels.

You collected 97 gold pieces.

Inventory:

Hand Weapons
 a - a +0 mace (weapon)
Armour
 b - a +0 robe
 f - a +0 scale mail (worn)
Jewellery
 e - a ring of protection from cold (left hand)
Scrolls
 c - 2 scrolls of identify
 d - 3 scrolls of remove curse
Potions
 g - a potion of cancellation


   Skills:
 + Level 4.0 Fighting
 + Level 4.0 Maces & Flails
 + Level 2.2 Armour
 - Level 3.1 Dodging
 - Level 2.0 Stealth


You had 4 spell levels left.
You didn't know any spells.
Your spell library was empty.

Dungeon Overview and Level Annotations

Branches:
Dungeon (2/15)

Altars:

Annotations:
D:1 Robin


Message History

The gnoll is heavily wounded.
The gnoll hits you with a +0 halberd. The gnoll closely misses you.
The gnoll barely misses you.
You hit the gnoll.
The gnoll is heavily wounded.
The gnoll hits you with a +0 halberd. The gnoll barely misses you.
You hit the gnoll.
The gnoll is severely wounded.
The gnoll hits you with a +0 halberd. The gnoll hits you with a +0 whip.
* * * LOW HITPOINT WARNING * * *
Okay, then.
Okay, then.
The gnoll hits you but does no damage.
The gnoll hits you from afar with a +0 halberd.
* * * LOW HITPOINT WARNING * * *
The gnoll hits you with a +0 whip.
* * * LOW HITPOINT WARNING * * *
There is a stone staircase leading up, spattered with blood here.
The gnoll hits you from afar with a +0 halberd!
You die...

...............###...$.#####.
.......................#.....
...........)...##............
.............................
.............................
.................#.......#...
#.#........###...(...>)....#
....................)........
.........##...gg@#..........#
.......#...#....)#..#####...#
.......#.#.......#.## ..#
...................## .#
....................[gg #
..........####..#......
........### ..........
.....#..## .###....##.
.........# .. .##..#


You could see 2 gnolls.

Vanquished Creatures
  A bullfrog (D:2)
  An adder (D:2)
  A gnoll (D:2)
  2 oozes (D:1)
  A worm (D:2)
  A giant cockroach (D:1)
  10 goblins
  11 hobgoblins
  4 bats
  4 frilled lizards
  2 kobolds (D:1)
  A rat (D:1)
39 creatures vanquished.

Notes
Turn   | Place    | Note
-------+----------+-------------------------------------------
     0 | D:1      | sizableburger the Human Monk began the quest for the Orb.
     0 | D:1      | Reached XP level 1. HP: 18/18 MP: 1/1
   141 | D:1      | Reached XP level 2. HP: 24/24 MP: 2/2
   316 | D:1      | Reached XP level 3. HP: 29/29 MP: 3/3
   485 | D:1      | Reached skill level 1 in Armour
   852 | D:2      | Noticed a bullfrog
   866 | D:2      | Killed a bullfrog
   867 | D:2      | Reached XP level 4. HP: 3/37 MP: 4/4
   867 | D:2      | Reached XP level 5. HP: 3/42 MP: 5/5
  1204 | D:2      | Noticed Robin
  1613 | D:2      | Mangled by a gnoll

Illustrated notes

Levels and vault maps discovered:
D:1:      scummos_arrival_star, layout_rooms
D:2:      layout_rooms, yredelemnul_forgotten_temple_becter,
          chequers_ecumenical_altar_simple, uniq_robin

Skill      XL: |  1  2  3  4  5 |
---------------+----------------+-----
Armour         | 2 |  2.2
Maces & Flails | 4 |  4.0
Fighting       | 4 |  4.0
Dodging        | |  3.1
Stealth        | |  2.0

Action                   |  1- 3 |  4- 6 || total
-------------------------+-------+-------++-------
Melee: Mace              |   124 |    55 ||   179
  Use: Scroll            |     3 |     1 ||     4
 Stab: Sleeping          |     2 |       ||     2
Armor: Robe              |     3 |       ||     3
       Scale mail        |    51 |    33 ||    84
Dodge: Dodged            |    82 |    54 ||   136
